 Dungeon Crawl Stone Soup version 0.27.1-33-g824d729ab1 (webtiles) character file.

Game seed: 9091117358683633223

7774 alasdair19 the Basher (level 11, -3/95 HPs)
             Began as a Minotaur Fighter on Dec 29, 2021.
             Slain by a manticore (5 damage)
             ... on level 9 of the Dungeon.
             The game lasted 00:26:15 (11886 turns).

alasdair19 the Basher (Minotaur Fighter)           Turns: 11886, Time: 00:26:16

Health: -3/95      AC: 15    Str: 30    XL:     11   Next: 1%
Magic:  10/10      EV: 10    Int:  6    God:
Gold:   169        SH: 14    Dex: 17    Spells: 10/10 levels left

rFire    . . .     SeeInvis .   e - +0 morningstar
rCold    + . .     Faith    .   c - +1 kite shield
rNeg     . . .     Spirit   .   E - +0 chain mail
rPois    .         Reflect  .   (helmet restricted)
rElec    +         Harm     .   (no cloak)
rCorr    .         Rampage  +   (no gloves)
Will     .....                  F - +2 pair of boots of Nemelex Xobeh's Fury {Rampage rElec Dex+3}
Stlth    ..........             h - amulet of the acrobat
HPRegen  0.25/turn              D - ring of the Tempest {rC+ Str+6 Dex+5}
MPRegen  0.12/turn              (no ring)

@: no status effects
A: horns 2, retaliatory headbutt
a: no special abilities


You were on level 9 of the Dungeon.
You visited 2 branches of the dungeon, and saw 10 of its levels.

You collected 726 gold pieces.
You spent 557 gold pieces at shops.

Inventory:

Hand Weapons
 e - a +0 morningstar (weapon)
 k - a +2 spectral club
 q - a +1 vorpal hunting sling
 H - a +1 flail
Missiles
 a - 4 atropa-tipped darts (quivered)
 m - 58 sling bullets
 B - a throwing net
Armour
 b - a +0 scale mail
 c - a +1 kite shield (worn)
 E - a +0 chain mail (worn)
 F - the +2 pair of boots of Nemelex Xobeh's Fury (worn) {Rampage rElec Dex+3}
   (You bought it in a shop on level 5 of the Dungeon)

   Dex:       It affects your dexterity (+3).
   rElec:     It insulates you from electricity.
   Rampage:   It bestows one free step when moving towards enemies.
Jewellery
 h - an amulet of the acrobat (around neck)
 D - the ring of the Tempest (left hand) {rC+ Str+6 Dex+5}
   (You acquired it on level 8 of the Dungeon)

   [ring of strength]

   Str:       It affects your strength (+6).
   Dex:       It affects your dexterity (+5).
   rC:        It protects you from cold.
 J - a ring of magical power
Wands
 n - a wand of acid (16)
 y - a wand of polymorph (2)
 A - a wand of paralysis (4)
 C - a wand of flame (19)
Scrolls
 d - 2 scrolls of vulnerability {unknown}
 f - 6 scrolls of teleportation
 g - 2 scrolls of enchant weapon
 j - a scroll of noise {unknown}
 l - 2 scrolls of fear {unknown}
 o - 2 scrolls of acquirement
 p - a scroll of amnesia {unknown}
 r - a scroll of blinking {unknown}
 v - 2 scrolls of magic mapping
 w - 2 scrolls of holy word
 x - a scroll of fog {unknown}
 G - a scroll of enchant armour
 I - a scroll of brand weapon {unknown}
Potions
 i - a potion of might
 s - 2 potions of flight
 u - 4 potions of curing
 z - 2 potions of haste


   Skills:
 + Level 8.4 Fighting
 + Level 11.4 Maces & Flails
 + Level 1.6(1.9) Slings
 + Level 1.0(1.4) Throwing
 + Level 11.2 Armour
 + Level 3.4 Dodging
 - Level 0.2 Stealth
 + Level 9.9 Shields
 + Level 1.2 Unarmed Combat


You had 10 spell levels left.
You didn't know any spells.
Your spell library contained the following spells:

 Spells                   Type           Power      Damage    Failure   Level
 Summon Small Mammal      Summ           0%         N/A       98%         1
 Passwall                 Tmut/Erth      0%         N/A       99%         2
 Call Canine Familiar     Summ           0%         N/A       100%        3
 Gell's Gravitas          Tloc           0%         N/A       100%        3
 Summon Guardian Golem    Hex/Summ       0%         N/A       100%        3
 Swiftness                Air            0%         N/A       100%        3
 Teleport Other           Tloc           0%         N/A       100%        3
 Dispersal                Tloc           0%         N/A       100%        6
 Invisibility             Hex            0%         N/A       100%        6


Dungeon Overview and Level Annotations

Branches:
Dungeon (9/15)             Temple (1/1) D:5            Lair (0/6) D:9
    Orc: D:9-12

Altars:
Ashenzari
Cheibriados
Dithmenos
Elyvilon
Fedhas
Gozag
Hepliaklqana
Makhleb
Nemelex Xobeh
Qazlal
Ru
Sif Muna
Trog
Uskayaw
Vehumet
Wu Jian
Yredelemnul
Zin
The Shining One

Shops:
D:5 *   D:6 (


Innate Abilities, Weirdness & Mutations

You have a pair of horns on your head.
You reflexively headbutt those who attack you in melee.


Message History

You feel much better. You block the manticore's attack.
The manticore claws you but does no damage.
You block the manticore's attack. The boulder beetle closely misses you.
You hit the boulder beetle but do no damage.
You headbutt the boulder beetle.
The boulder beetle is almost dead.
You block the manticore's attack.
The manticore claws you but does no damage.
The manticore closely misses you.
The boulder beetle bites you but does no damage.
The manticore bites you but does no damage.
The manticore claws you.
* * * LOW HITPOINT WARNING * * *
The manticore claws you but does no damage.
You hit the boulder beetle but do no damage.
You headbutt the boulder beetle, but do no damage.
The boulder beetle is almost dead.
The boulder beetle bites you.
* * * LOW HITPOINT WARNING * * *
The manticore bites you.
* * * LOW HITPOINT WARNING * * *
The manticore claws you.
* * * LOW HITPOINT WARNING * * *
The manticore barely misses you.
You hit the boulder beetle but do no damage.
The boulder beetle is almost dead.
The boulder beetle bites you but does no damage.
You block the manticore's attack. x3
Unknown command.
You sock the boulder beetle!
You kill the boulder beetle!
The manticore barely misses you. You block the manticore's attack.
The manticore claws you but does no damage.
You have reached level 11!
You hit the manticore but do no damage.
The manticore is heavily wounded.
You carefully extract the barbed spikes from your body.
The manticore barely misses you. You block the manticore's attack.
The manticore claws you.
You die...

# #.# # #..#...####..##.#
#.##.##(##)# #....###
##.##.. ...c.B.H...# ######
#.#### #.# ###..... ##.##
##### #....... #...# $.$###
#.#.##.. ####.#####.##[#
#.#.##.. #.##.##.##.##.#
#.#..#.. #####
#........H@...######>#..#..
#...#
#.##.##.##)##.##..>........
..#.#
#.##.#####.#####...#...(...
###.# ###... #...#
#..#####.##. ###.### #####
##.## #####.......
#...(.##### ###'###
#.##.... ###..>....#
#.....# #.##...#
#####..#### #.....#
#.....## .......# #.....#
#.##...#


You could see a manticore.

Vanquished Creatures
  A hydra (D:9)
  A boulder beetle (D:9)
  A manticore (D:9)
  An elephant (D:9)
  Joseph (D:8)
  Maurice (D:8)
  An efreet (D:9)
  A hornet (D:9)
  Grinder (D:5)
  A shadow (D:9)
  A wraith (D:9)
  A wyvern (D:9)
  A basilisk (D:9)
  6 yaks (D:9)
  A vampire mosquito (D:9)
  A water moccasin (D:8)
  A sky beast (D:8)
  2 orc warriors
  An ogre (D:6)
  3 black bears
  A necrophage (D:6)
  3 centaurs
  2 phantoms
  A scorpion (D:5)
  A water moccasin zombie (D:5)
  A wyvern skeleton (D:7)
  2 water moccasin skeletons
  8 wights
  5 howler monkeys
  2 orc priests
  3 centaur zombies
  5 hounds
  A jelly (D:5)
  A gnoll shaman (D:8)
  Jessica (D:2)
  2 iguanas
  5 orc wizards
  A hound skeleton (D:5)
  Robin (D:2)
  2 howler monkey zombies
  6 gnolls
  10 adders
  2 shadow imps
  A white imp (D:5)
  An ufetubus (D:4)
  3 worms
  24 orcs
  5 ball pythons
  A bat (D:2)
  3 endoplasms
  3 giant cockroaches
  21 goblins
  11 hobgoblins
  2 jackals (D:4)
  2 quokkas
  2 frilled lizards
  A jackal skeleton (D:4)
  6 kobolds
  4 rats
184 creatures vanquished.

Vanquished Creatures (others)
  A howler monkey simulacrum (D:9)
  8 plants (D:6)
9 creatures vanquished.

Grand Total: 193 creatures vanquished

Notes
Turn   | Place    | Note
-------+----------+-------------------------------------------
     0 | D:1      | alasdair19 the Minotaur Fighter began the quest for the
                  | Orb.
     0 | D:1      | Reached XP level 1. HP: 19/19 MP: 0/0
   527 | D:1      | Reached XP level 2. HP: 27/27 MP: 1/1
  1127 | D:2      | Reached XP level 3. HP: 33/33 MP: 2/2
  1356 | D:2      | Noticed Robin
  1365 | D:2      | Killed Robin
  1366 | D:2      | Reached XP level 4. HP: 18/41 MP: 3/3
  1974 | D:2      | Noticed Jessica
  1982 | D:2      | Killed Jessica
  2400 | D:3      | Reached XP level 5. HP: 47/47 MP: 4/4
  2595 | D:3      | Reached skill level 5 in Armour
  2677 | D:3      | Reached XP level 6. HP: 49/53 MP: 5/5
  2749 | D:3      | Reached skill level 5 in Shields
  2817 | D:3      | Found a stormy altar of Qazlal.
  3097 | D:3      | Found a faded altar of an unknown god.
  3307 | D:4      | Reached skill level 1 in Dodging
  3447 | D:4      | Reached skill level 5 in Maces & Flails
  4084 | D:5      | Entered Level 5 of the Dungeon
  4096 | D:5      | Reached XP level 7. HP: 57/60 MP: 6/6
  4233 | D:5      | Found Cuyvo's General Store.
  4244 | D:5      | Bought a potion of heal wounds for 70 gold pieces
  4280 | D:5      | Noticed Grinder
  4281 | D:5      | Found a staircase to the Ecumenical Temple.
  4291 | D:5      | Killed Grinder
  4292 | D:5      | Reached skill level 5 in Fighting
  4801 | D:5      | Found a hazy altar of Hepliaklqana.
  4818 | D:5      | Reached XP level 8. HP: 61/69 MP: 7/7
  5672 | Temple   | Entered the Ecumenical Temple
  6232 | D:6      | Noticed a torpor snail
  6234 | D:6      | Found a snail-covered altar of Cheibriados.
  6234 | D:6      | Noticed a torpor snail
  6236 | D:6      | Noticed a torpor snail
  6441 | D:6      | Found Lineek's Antique Weapon Shoppe.
  7129 | D:7      | Found a glowing silver altar of Zin.
  7564 | D:6      | Reached XP level 9. HP: 38/73 MP: 8/8
  8116 | D:7      | Found an ornate altar of the Wu Jian Council.
  8162 | D:7      | Found a white marble altar of Elyvilon.
  8538 | D:8      | Noticed Maurice
  8556 | D:8      | Killed Maurice
  8709 | D:8      | Found an opulent altar of Gozag.
  9080 | D:8      | Identified 2 scrolls of acquirement
  9080 | D:8      | Acquired the ring of the Tempest {rC+ Str+6 Dex+5}
  9202 | D:8      | Noticed Joseph
  9217 | D:8      | Killed Joseph
  9218 | D:8      | Reached skill level 1 in Throwing
  9218 | D:8      | Reached skill level 1 in Unarmed Combat
  9400 | D:8      | Found a radiant altar of Vehumet.
 10168 | D:9      | Reached skill level 10 in Armour
 10176 | D:9      | Reached XP level 10. HP: 45/86 MP: 9/9
 10564 | D:5      | Bought the +2 pair of boots of Nemelex Xobeh's Fury
                  | {Rampage rElec Dex+3} for 487 gold pieces
 10635 | D:9      | Found a shadowy altar of Dithmenos.
 10695 | D:9      | Reached skill level 10 in Maces & Flails
 10695 | D:9      | Reached skill level 1 in Slings
 10988 | D:9      | Found a staircase to the Lair.
 10988 | D:9      | Noticed an elephant
 11005 | D:9      | Killed an elephant
 11323 | D:9      | Noticed a seven-headed hydra
 11323 | D:9      | Noticed a boulder beetle
 11348 | D:9      | Noticed a manticore
 11353 | D:9      | Killed a manticore
 11812 | D:9      | Killed a seven-headed hydra
 11813 | D:9      | Paralysed by a hornet for 1 turns
 11832 | D:9      | Noticed a manticore
 11879 | D:9      | HP: 4/88 [boulder beetle (10)]
 11883 | D:9      | HP: 1/88 [manticore (6)]
 11885 | D:9      | Killed a boulder beetle
 11886 | D:9      | Reached XP level 11. HP: 1/95 MP: 10/10
 11886 | D:9      | Slain by a manticore

Illustrated notes

Levels and vault maps discovered:
D:1:      matt_arrival_spirals, layout_loops_corners, minmay_distorted
D:2:      layout_basic, uniq_jessica, uniq_robin
D:3:      kennysheep_the_goblin_king, layout_basic,
          mainiacjoe_overflow_surrounded_room,
          ebering_ecumenical_altar_sacrificial
D:4:      layout_loops_ring
D:5:      layout_basic, mainiacjoe_overflow_alcove_1,
          minmay_temple_entry_from_below_a, serial_shops, nicolae_stop_n_shop_2,
          uniq_grinder
D:6:      layout_loops_cross, cheibriados_altar_2, serial_shops,
          kennysheep_little_box, ebering_ghost_disaster_area,
          serial_bayou_lagoon_a, amethyst_killhole
D:7:      layout_cave_pools, elyvilon_altar_1, amcnicky_altar_gilded,
          marbit_many_paths
D:8:      layout_layer_cave, lemuel_doored_altar, grunt_gozag_statues,
          minmay_stone_trees_small, uniq_joseph, uniq_maurice
D:9:      hangedman_cross_veins, layout_loops_cross,
          nicolae_dithmenos_shadow_blocks, david_lair_generic,
          kennysheep_generic_room_6
Temple:   chequers_temple_sunken

Skill      XL: |  1  2  3  4  5  6  7  8  9 10 |
---------------+-------------------------------+-----
Fighting       | 4 5 6 7 8 |  8.4
Armour         | 4 5 6 8 10 11 | 11.2
Shields        | 4 5 6 7 8 9 |  9.9
Maces & Flails | 3 4 5 6 8 9 11 | 11.4
Dodging        | 1 2 3 |  3.4
Throwing       | 1 |  1.0
Unarmed Combat | 1 |  1.2
Slings         | 1 |  1.6
Stealth        | |  0.2

Action                   |  1- 3 |  4- 6 |  7- 9 | 10-12 || total
-------------------------+-------+-------+-------+-------++-------
Melee: Flail             |    65 |   163 |   279 |    76 ||   583
       Headbutt          |    10 |    30 |    58 |    38 ||   136
       Unarmed           |       |       |    13 |       ||    13
       Morningstar       |       |       |       |    42 ||    42
 Fire: Hunting sling     |       |       |     5 |     1 ||     6
Throw: Dart              |     2 |       |     7 |       ||     9
  Use: Potion            |     1 |       |     1 |     4 ||     6
       Scroll            |       |     6 |     7 |     2 ||    15
Armor: Scale mail        |    34 |    45 |       |       ||    79
       Chain mail        |       |     4 |    83 |    36 ||   123
Dodge: Dodged            |    25 |    53 |    90 |    46 ||   214
Block: Kite shield       |    39 |    96 |   167 |    72 ||   374
